 Dungeon Crawl Stone Soup version 0.22-a0-419-g492bfec (webtiles) character file.

624552 YrmMerkstave the Champion of Chaos (level 27, -5/187 HPs)
             Began as a Deep Dwarf Fighter on May 11, 2018.
             Was the Champion of Makhleb.
             Splashed by an ancient lich's acid (10 damage)
             ... on level 5 of the Realm of Zot on May 15, 2018.
             The game lasted 04:39:47 (47819 turns).

YrmMerkstave the Champion of Chaos (DDFi)          Turns: 47819, Time: 04:39:48

Health: -5/187     AC: 30    Str: 27      XL:     27
Magic:  12/12      EV: 17    Int: 11 (12) God:    Makhleb [******]
Gold:   6491       SH: 25    Dex: 15 (18) Spells: 26/26 levels left

rFire    + + +     SeeInvis +   b - +9 broad axe (elec)
rCold    + + .     Gourm    .   c - +4 shield
rNeg     + + .     Faith    .   g - +5 gold dragon scales
rPois    +         Spirit   .   V - +2 hat
rElec    +         Reflect  .   i - scarf {rC+ rF+}
rCorr    .         Harm     .   X - +0 pair of gloves {Str+3}
MR       ++++.     Rnd*Rage +   B - +0 pair of boots Stlth ..........Rnd*Tele +
                                Y - amulet of the acrobat
HPRegen  0.00/turn              D - ring of see invisible
MPRegen  0.13/turn              a - ring of Salvation {rElec rN+ Str+2 Int+4}

@: corroded, berserk cooldown, non-regenerating, slowed, drained, very slow
A: damage resistance, heal wounds, large bone plates 1, berserk 2, blurry vision
3, clumsy 1, deterioration 1, dopey 1, fire resistance 1, frail 3, low mp 2,
negative energy resistance 1, sense surroundings 3, screaming 1, teleportitis 2,
weak 1, no potion heal 1, subdued magic 2, no regeneration
}: 3/15 runes: serpentine, barnacled, silver
a: Heal Wounds, Minor Destruction, Lesser Servant of Makhleb, Major Destruction,
Greater Servant of Makhleb, Renounce Religion


You were on level 5 of the Realm of Zot.
You worshipped Makhleb.
Makhleb was exalted by your worship.
You were not hungry.

You visited 10 branches of the dungeon, and saw 50 of its levels.
You visited 1 bazaar.
You also visited: Sewer, Ice Cave and Volcano.

You collected 7742 gold pieces.
You spent 1251 gold pieces at shops.

Inventory:

Hand Weapons
 b - a +9 broad axe of electrocution (weapon)
 O - the +1 flail of Xikhliry {elec, Str+6}
   (You found it on level 4 of the Lair of Beasts)

   Occasionally, upon striking a foe, it will discharge some electrical energy
   and cause terrible harm.
   It affects your strength (+6).
 Z - the +5 battleaxe "Befras Etiti" {venom, rC+ MR+ Stlth-}
   (You took it off a green draconian on level 2 of the Realm of Zot)

   It poisons the flesh of those it strikes.
   It protects you from cold.
   It affects your resistance to hostile enchantments.
   It makes you less stealthy.
Armour
 c - a +4 shield (worn)
 g - +5 gold dragon scales (worn)
 i - a scarf of resistance (worn)
 o - a +2 cloak
 w - a scarf of cloud immunity
 B - a +0 pair of boots (worn)
 V - a +2 hat (worn)
 X - a +0 pair of gloves of strength (worn)
Jewellery
 a - the ring of Salvation (right hand) {rElec rN+ Str+2 Int+4}
   (You bought it in a shop on level 2 of the Orcish Mines)

   [ring of intelligence]

   It affects your strength (+2).
   It affects your intelligence (+4).
   It insulates you from electricity.
   It protects you from negative energy.
 k - an uncursed ring of positive energy
 y - an uncursed ring of resist corrosion
 D - a ring of see invisible (left hand)
 F - an uncursed ring of protection from magic
 J - an uncursed ring of protection from cold
 Y - an amulet of the acrobat (around neck)
Wands
 s - a wand of enslavement (42)
 t - a wand of iceblast (33)
 z - a wand of digging (6)
 C - a wand of polymorph (67)
 G - a wand of paralysis (40)
 I - a wand of random effects (218)
 Q - a wand of acid (58)
 R - a wand of flame (182)
 S - a wand of disintegration (26)
 T - a wand of clouds (20)
Scrolls
 e - 30 scrolls of remove curse
 j - 14 scrolls of fog
 l - 23 scrolls of teleportation
 q - 5 scrolls of identify
 r - a scroll of summoning
 v - 6 scrolls of magic mapping
 H - 4 scrolls of amnesia
 K - a scroll of enchant weapon
 M - 3 scrolls of blinking
 P - 7 scrolls of fear
Potions
 h - 18 potions of curing
 m - 9 potions of flight
 n - 4 potions of agility
 p - 4 potions of brilliance
 u - 4 potions of haste
 x - 2 potions of cancellation
 A - 5 potions of heal wounds
 E - 9 potions of might
 L - 3 potions of berserk rage
 U - a potion of resistance
 W - 4 potions of magic
Miscellaneous
 d - 2 boxes of beasts
Comestibles
 f - 64 rations
 N - 10 chunks of flesh


   Skills:
 - Level 20.0(19.9) Fighting
 - Level 18.0(18.1) Axes
 - Level 4.6(12.0) Maces & Flails
 + Level 20.7(20.6) Armour
 + Level 20.5 Dodging
 + Level 20.5(20.4) Shields
 O Level 27(26.9) Invocations
 - Level 15.0(14.9) Evocations


You had 26 spell levels left.
You didn't know any spells.
Your spell library contained the following spells:

 Spells                   Type           Power        Failure   Level  Hunger
 Cause Fear               Hex            #.........   100%        4    #####..
 Fireball                 Conj/Fire      #.........   100%        5    ######.
 Apportation              Tloc           #.....       98%         1    ##.....
 Conjure Flame            Conj/Fire      #.......     100%        3    ####...
 Bolt of Fire             Conj/Fire      #.........   100%        6    #######
 Lightning Bolt           Conj/Air       #.........   100%        5    ######.
 Bolt of Magma            Conj/Fire/Erth #.........   100%        5    ######.
 Slow                     Hex            #.......     99%         2    ###....
 Confuse                  Hex            #.......     100%        3    ####...
 Invisibility             Hex            #.......     100%        6    #######
 Throw Flame              Conj/Fire      #.....       99%         2    ###....
 Throw Frost              Conj/Ice       #.....       99%         2    ###....
 Freezing Cloud           Conj/Ice/Air   #.........   100%        6    #######
 Mephitic Cloud           Conj/Pois/Air  #.......     100%        3    ####...
 Ring of Flames           Chrm/Fire      #.........   100%        7    #######
 Venom Bolt               Conj/Pois      #.........   100%        5    ######.
 Death's Door             Chrm/Necr      #.........   100%        8    #######
 Animate Dead             Necr           N/A          100%        4    #####..
 Pain                     Necr           #...         98%         1    ##.....
 Animate Skeleton         Necr           N/A          98%         1    ##.....
 Vampiric Draining        Necr           #.........   100%        3    ####...
 Haunt                    Necr/Summ      #.........   100%        7    #######
 Borgnjor's Revivificati  Necr           #.........   100%        8    #######
 Freeze                   Ice            #...         98%         1    ##.....
 Sticky Flame             Conj/Fire      #.......     100%        4    #####..
 Summon Ice Beast         Ice/Summ       #.......     100%        4    #####..
 Ozocubu's Armour         Chrm/Ice       #.......     100%        3    ####...
 Regeneration             Chrm/Necr      #.........   100%        3    ####...
 Tukima's Dance           Hex            #.......     100%        3    ####...
 Iron Shot                Conj/Erth      #.........   100%        6    #######
 Statue Form              Tmut/Erth      #........    100%        6    #######
 Dragon Form              Tmut           #.........   100%        7    #######
 Necromutation            Tmut/Necr      #.........   100%        8    #######
 Deflect Missiles         Chrm/Air       #.........   100%        6    #######
 Throw Icicle             Conj/Ice       #.......     100%        4    #####..
 Shadow Creatures         Summ           N/A          100%        6    #######
 Flame Tongue             Conj/Fire      #....        98%         1    ##.....
 Ignite Poison            Fire/Tmut/Pois #.......     100%        3    ####...
 Ensorcelled Hibernation  Hex/Ice        #.....       99%         2    ###....
 Summon Butterflies       Summ           #.......     98%         1    ##.....
 Silence                  Hex/Air        #.........   100%        5    ######.
 Shatter                  Erth           #.........   100%        9    #######
 Static Discharge         Conj/Air       #.......     100%        3    ####...
 Corona                   Hex            #......      98%         1    ##.....
 Alistair's Intoxication  Tmut/Pois      #.......     100%        5    ######.
 Simulacrum               Ice/Necr       #.........   100%        6    #######
 Conjure Ball Lightning   Conj/Air       #.........   100%        6    #######
 Portal Projectile        Hex/Tloc       #.....       100%        3    ####...
 Orb of Destruction       Conj           #.........   100%        7    #######
 Tornado                  Air            #.........   100%        9    #######
 Leda's Liquefaction      Hex/Erth       #.........   100%        4    #####..
 Darkness                 Hex            #.........   100%        6    #######
 Shroud of Golubria       Chrm/Tloc      #.........   99%         2    ###....
 Inner Flame              Hex/Fire       #.......     100%        3    ####...
 Iskenderun's Battlesphe  Conj/Chrm      #.......     100%        5    ######.
 Dazzling Spray           Conj/Hex       #.....       100%        3    ####...
 Infusion                 Chrm           #...         98%         1    ##.....
 Song of Slaying          Chrm           #.......     99%         2    ###....
 Spectral Weapon          Hex/Chrm       #.......     100%        3    ####...
 Discord                  Hex            #.........   100%        8    #######
 Summon Lightning Spire   Summ/Air       #.......     100%        4    #####..
 Dragon's Call            Summ           #.........   100%        9    #######
 Spellforged Servitor     Conj/Summ      #.........   100%        7    #######
 Yara's Violent Unravell  Hex/Tmut       #.........   100%        5    ######.
 Infestation              Necr           #.........   100%        8    #######
 Lesser Beckoning         Tloc           #.........   100%        3    ####...
 Poisonous Vapours        Pois/Air       #.....       99%         2    ###....
 Ignition                 Fire           #.........   100%        8    #######
 Borgnjor's Vile Clutch   Necr/Erth      #.........   100%        5    ######.


Dungeon Overview and Level Annotations

Branches:
Dungeon (15/15)            Temple (1/1) D:7            Lair (6/6) D:8
 Shoals (4/4) Lair:4        Snake (4/4) Lair:4        Slime (0/5) Lair:6
    Orc (2/2) D:12            Elf (3/3) Orc:2        Vaults (5/5) D:14
  Crypt (0/3) Vaults:2     Depths (5/5) D:15            Zot (5/5) Depths:5

Altars:
Ashenzari
Cheibriados
Dithmenos
Elyvilon
Fedhas
Gozag
Hepliaklqana
Kikubaaqudgha
Makhleb
Nemelex Xobeh
Okawaru
Qazlal
Ru
Sif Muna
Trog
Uskayaw
Vehumet
Wu Jian
Xom
Yredelemnul
Zin
The Shining One
Beogh
Jiyva

Shops:
D:10 :   Orc:2 =[*!   Vaults:4 *

Portals:
Hell: Lair:6 Depths:1 Depths:2 Depths:3 Depths:4 Depths:5
Abyss: Depths:1 Depths:4
Pandemonium: Depths:1 Depths:2 Depths:3 Depths:4
Ziggurat: Depths:2

Annotations:
Shoals:2 exclusion: oklob plant, Roxanne
Depths:2 exclusion: downstairs
Zot:3 exclusion: door
Zot:5 PeterLawrence's ghost, legendary MiFi


Innate Abilities, Weirdness & Mutations

You are resistant to damage.
You can heal yourself by infusing magical energy.
You resist negative energy. (rN+)
You passively map a large area around you.
You do not regenerate.
You are partially covered in large bone plates. (SH +4)
You often lose your temper in combat.
Scrolls take you much longer to read.
You are clumsy. (Dex -2)
Your body sometimes deteriorates upon taking damage.
You are dopey. (Int -2)
Your flesh is heat resistant. (rF+)
You are extremely frail. (-30% HP)
Your magical capacity is very low. (-20% MP)
You occasionally shout uncontrollably at your foes.
You are sometimes teleported next to monsters.
You are weak. (Str -2)
Potions are less effective at restoring your health.
Your spells are easier to cast, but less powerful.


Message History

The bolt of acid hits you!
* * * LOW HITPOINT WARNING * * *
Your body deteriorates!
You feel clumsy. The acid corrodes you!
You are splashed with acid!
The acid burns!
* * * LOW HITPOINT WARNING * * *
You block the electric golem's attack. x3
The electric golem hits you but does no damage.
PeterLawrence's ghost barely misses you.
The ancient lich touches you. You partially resist.
You feel drained.
The electric golem hurls lightning at you.
The bolt of lightning misses you. x2
The bolt of lightning hits the electric golem.
The electric golem completely resists.
PeterLawrence's ghost hits you!!
* * * LOW HITPOINT WARNING * * *
Really read with blurry vision while enemies are nearby?
The ancient lich points at you and mumbles some strange words.
The bolt of acid hits you!
* * * LOW HITPOINT WARNING * * *
You are splashed with acid!
The acid burns!
You die...

,,,, , , , ,
............#
*,, ,
............#
,, ,
,............#
, ,
..^....^....#
, ...........#
* ,
,....^.....#
,, ,
......L†[#* *
*** * #...8@▓
* * , ,
......)W)▓* ,
..........▓* ,
,,
,,...........▓
,,, , ,
............▓
, , ,,
......^.....▓
, ,
........^..▓▓
,, ,,
..........▓▓ ,
, *


You could see an electric golem, an ancient lich and PeterLawrence's ghost.

Vanquished Creatures
  5 orbs of fire
  3 ancient liches (Zot:5)
  Mennas (Vaults:3)
  Sojobo (Vaults:3)
  Frederick (Depths:5)
  Xtahua (Vaults:5)
  Margery (Vaults:4)
  Saint Roka (Elf:3)
  Bai Suzhen (Vaults:4)
  4 golden dragons
  A bone dragon (Depths:5)
  5 Killer Klowns
  Nikola (Elf:3)
  the Enchantress (Depths:2)
  Jory (Vaults:3)
  2 electric golems
  A hellephant (Zot:4)
  12 tentacled monstrosities
  Jorgrun (Vaults:3)
  Rupert (Lair:5)
  2 liches
  4 Orb Guardians (Zot:5)
  6 quicksilver dragons
  Asterion (Elf:1)
  6 titans
  4 deep elf blademasters
  A deep elf master archer (Elf:3)
  A sphinx (shapeshifter) (Vaults:5)
  A kraken (Shoals:2)
  15 death cobs
  2 sphinxes
  12 shadow dragons
  10 tengu reavers
  21 storm dragons
  13 fire giants
  13 nagarajas
  3 draconian monks
  5 draconian knights
  The ghost of iamserjio the Spry, an adept SpSk of Gozag (Elf:3)
  An iron dragon (Vaults:4)
  A draconian scorcher (Zot:1)
  9 frost giants
  5 deep elf sorcerers
  3 ghost moths (Zot:4)
  2 deep elf elementalists (Elf:3)
  2 draconian shifters
  A caustic shrike zombie (Depths:4)
  20 vault wardens
  9 ironheart preservers
  A draconian stormcaller (Zot:4)
  3 spriggan defenders
  21 stone giants
  7 draconian annihilators
  28 very ugly things
  2 entropy weavers
  9 green draconians
  2 vampire knights
  A deep elf demonologist (Elf:3)
  4 dire elephants
  5 black draconians
  10 yellow draconians
  7 deep elf annihilators
  8 white draconians
  Azrael (Snake:3)
  9 purple draconians
  16 red draconians
  A blizzard demon (Depths:4)
  6 deep elf death magi
  9 ettins
  A merfolk javelineer (Depths:3)
  5 merfolk impalers
  7 fire dragons
  3 jiangshi (Depths:5)
  A quicksilver dragon zombie (Depths:4)
  14 ogre magi
  6 deep elf high priests
  3 great orbs of eyes
  17 yaktaur captains
  8 rakshasas
  16 naga warriors
  2 monstrous demonspawn (Depths:4)
  12 ice dragons
  29 vault guards
  4 merfolk aquamancers (Shoals:4)
  3 spriggan air magi
  8 hydras
  A merfolk avatar (Shoals:3)
  An alligator snapping turtle (Shoals:4)
  A catoblepas (D:11)
  A satyr (Shoals:4)
  12 centaur warriors
  16 anacondas
  30 two-headed ogres
  29 dancing weapons
  A death knight (Vaults:4)
  9 deep troll shamans
  5 death yaks
  3 vampire magi
  9 deep troll earth magi
  24 deep elf knights
  14 naga sharpshooters
  13 shock serpents
  6 orc high priests
  10 spriggan berserkers
  10 hell knights
  A shock serpent (shapeshifter) (Depths:5)
  A soul eater (Depths:4)
  13 skeletal warriors
  3 shadow wraiths
  A fire crab (shapeshifter) (Vaults:1)
  2 fire crabs (Shoals:1)
  A sea snake (shapeshifter) (Elf:1)
  28 deep trolls
  4 salamander mystics
  A spark wasp zombie (Depths:4)
  A sixfirhy (Lair:6)
  2 unseen horrors
  3 flayed ghosts
  12 sea snakes
  9 naga ritualists
  4 glowing orange brains
  A lindwurm (D:14)
  9 wizards
  4 necromancers
  16 deep elf archers
  An obsidian statue (Zot:2)
  5 harpies
  22 ironbrand convokers
  A harpy (shapeshifter) (Vaults:3)
  22 orc knights
  A wolf spider zombie (D:15)
  4 phantasmal warriors
  6 wolf spiders
  13 mana vipers
  52 deep elf magi
  76 ugly things
  11 fauns
  3 orc sorcerers
  12 cyclopes
  8 manticores
  6 elephants (Zot:4)
  A fire giant zombie (Vaults:5)
  A frost giant skeleton (Vaults:5)
  6 merfolk sirens
  A moth of wrath (shapeshifter) (Vaults:5)
  44 black mambas
  2 fauns (shapeshifter)
  19 moths of wrath
  16 salamanders
  22 naga magi
  13 vault sentinels
  5 toenail golems (Volcano)
  11 guardian serpents
  An ice statue (IceCv)
  4 water nymphs (Shoals:4)
  3 gargoyles
  A rust devil (Depths:5)
  An orange demon (Lair:6)
  A smoke demon (Lair:6)
  9 spiny frogs
  50 yaktaurs
  9 komodo dragons
  A komodo dragon (shapeshifter) (Vaults:1)
  8 freezing wraiths
  A kobold demonologist (D:14)
  A rime drake (shapeshifter) (Vaults:3)
  4 rime drakes (Lair:6)
  4 ice devils (Lair:6)
  3 yaktaurs (shapeshifter)
  A tengu conjurer (Depths:2)
  2 red devils
  2 trolls (shapeshifter)
  10 merfolk
  2 queen bees (shapeshifter)
  9 trolls
  A meliai (shapeshifter) (Vaults:3)
  2 hornets (shapeshifter)
  15 polar bears (IceCv)
  A slime creature (shapeshifter) (Vaults:5)
  13 hornets
  A harpy skeleton (D:14)
  11 hippogriffs
  4 snapping turtles
  2 wind drakes
  11 blink frogs
  A dream sheep (shapeshifter) (Depths:1)
  4 meliai zombies
  22 slime creatures
  22 dream sheep
  2 air elementals
  A vampire (D:15)
  4 shadows
  A tarantella (shapeshifter) (Vaults:4)
  9 spriggans
  A tarantella (Vaults:4)
  5 redbacks
  A yak (shapeshifter) (D:14)
  13 water elementals
  7 fire elementals
  67 yaks
  The ghost of 4thArraOfDagon the Chopper, an amateur MiFi of the Shining One (D:4)
  4 fire bats
  5 wraiths
  3 basilisks
  A hog (shapeshifter) (Vaults:3)
  3 wyverns
  9 humans (Zot:4)
  8 hungry ghosts
  A steam dragon (D:7)
  6 vampire mosquitoes
  7 wargs
  64 nagas
  3 acid dragons
  9 hell hounds
  12 water moccasins
  A soldier ant (D:15)
  64 orc warriors
  7 porcupines
  4 ice beasts
  A sky beast (D:12)
  2 ice beasts (shapeshifter)
  2 black bears
  2 phantoms (D:11)
  A necrophage (D:10)
  8 boggarts
  3 eyes of draining
  29 ogres
  18 centaurs
  14 crocodiles
  18 wolves
  4 big kobolds
  A big kobold (shapeshifter) (Depths:3)
  23 bullfrogs
  2 earth elementals
  2 wyvern skeletons
  4 scorpions
  2 human simulacra (Vaults:5)
  9 wights
  19 killer bees
  7 electric eels
  3 howler monkeys
  3 vampire bats (D:9)
  6 crimson imps
  A centaur zombie (D:6)
  A bullfrog zombie (D:13)
  9 jellies
  2 bullfrog skeletons
  33 orc priests
  4 hounds
  4 human zombies
  4 centaur skeletons
  10 worker ants
  A human skeleton (D:10)
  5 iguanas (Lair:1)
  39 orc wizards
  6 ogre zombies (D:12)
  A hound zombie (D:5)
  3 mummies (D:10)
  A hound skeleton (D:4)
  2 howler monkey zombies (D:10)
  7 gnolls
  11 adders
  12 white imps
  An ufetubus (Depths:1)
  9 oozes
  2 adder skeletons
  A worm (D:2)
  3 dart slugs
  5 leopard geckos
  146 orcs
  11 bats
  2 bat skeletons (D:9)
  2 bat zombies (D:9)
  13 giant cockroaches
  8 goblins
  13 hobgoblins
  12 jackals
  26 kobolds
  5 quokkas
  8 ball pythons
  A ball python zombie (D:6)
  3 frilled lizards
  A goblin zombie (D:12)
  2 hobgoblin skeletons (D:12)
  4 hobgoblin zombies (D:12)
  2 leopard gecko skeletons (D:7)
  A leopard gecko zombie (D:8)
  An orc skeleton (D:12)
  11 orc zombies (D:12)
  A quokka skeleton (D:4)
  13 rats
  2 crawling corpses (Depths:4)
  6 fungi
  4 plants
2421 creatures vanquished.

Vanquished Creatures (collateral kills)
  The ghost of anything the Slayer, a veteran DDFi of Makhleb (Elf:3)
  A golden dragon (Depths:3)
  Ilsuiw (Shoals:4)
  A black draconian (Zot:2)
  2 deep elf annihilators (Elf:3)
  2 merfolk impalers (Shoals:4)
  2 merfolk javelineers (Shoals:4)
  A yaktaur captain (Depths:2)
  A great orb of eyes (Vaults:1)
  2 merfolk aquamancers
  A merfolk avatar (Shoals:3)
  A dancing weapon (Elf:1)
  An ogre mage (Depths:2)
  A sea snake (Shoals:4)
  A deep elf mage (Elf:2)
  6 fauns
  A moth of wrath (Zot:2)
  An ugly thing (Vaults:3)
  4 manticores
  3 merfolk sirens
  2 water nymphs
  A yaktaur (Vaults:3)
  A hornet (Depths:2)
  6 merfolk (Shoals:4)
  3 wind drakes
  2 dream sheep (Shoals:4)
  2 snapping turtles (Shoals:3)
  3 water elementals (Shoals:3)
  A spriggan (Depths:2)
  An ogre (Vaults:1)
  2 tentacles (Shoals:2)
58 creatures vanquished.

Vanquished Creatures (others)
  An ancient lich (Zot:5)
  A storm dragon (Zot:3)
  A tengu reaver (Vaults:3)
  A draconian knight (Zot:4)
  A dancing weapon (Elf:3)
  A deep elf knight (Vaults:3)
  5 deep elf magi
  A black mamba (Snake:2)
  3 moths of wrath
  A merfolk (Shoals:1)
  A water elemental (Elf:3)
  2 humans (Lair:5)
  A vampire mosquito (D:12)
  An orc warrior (Elf:3)
  An orc priest (Orc:1)
  An orc (Elf:3)
  13 fungi
  22 plants
  6 tentacles (Shoals:2)
64 creatures vanquished.

Grand Total: 2543 creatures vanquished

Notes
Turn   | Place    | Note
-------+----------+-------------------------------------------
     0 | D:1      | YrmMerkstave the Deep Dwarf Fighter began the quest for the Orb.
     0 | D:1      | Reached XP level 1. HP: 20/20 MP: 1/1
    19 | D:1      | Reached XP level 2. HP: 27/27 MP: 2/2
   285 | D:1      | Reached XP level 3. HP: 29/33 MP: 3/3
   922 | D:2      | Found a shattered altar of Ashenzari.
   938 | D:2      | Reached XP level 4. HP: 35/40 MP: 4/4
  1426 | D:3      | Found a glowing drain.
  1474 | Sewer    | Entered a sewer
  1498 | Sewer    | Noticed a big kobold
  1498 | Sewer    | Noticed a big kobold
  1506 | Sewer    | Killed a big kobold
  1506 | Sewer    | Reached skill level 5 in Axes
  1506 | Sewer    | Reached XP level 5. HP: 43/46 MP: 5/5
  1514 | Sewer    | Reached skill level 5 in Shields
  1514 | Sewer    | Reached XP level 6. HP: 51/55 MP: 6/6
  2144 | D:3      | Found a shimmering altar of Xom.
  2436 | D:4      | Noticed 4thArraOfDagon's ghost (amateur MiFi)
  2625 | D:4      | Killed 4thArraOfDagon's ghost
  2625 | D:4      | Reached XP level 7. HP: 55/61 MP: 6/6
  3239 | D:5      | Entered Level 5 of the Dungeon
  3589 | D:5      | Reached XP level 8. HP: 65/69 MP: 7/7
  4091 | D:6      | Found a deep blue altar of Sif Muna.
  4165 | D:6      | Reached skill level 5 in Armour
  4282 | D:6      | Found a bloodstained altar of Trog.
  4353 | D:6      | Reached skill level 10 in Axes
  4437 | D:7      | Gained mutation: You passively map the area around you. [Deep Dwarf growth]
  4437 | D:7      | Reached XP level 9. HP: 67/79 MP: 8/8
  4563 | D:7      | Found a staircase to the Ecumenical Temple.
  4602 | Temple   | Entered the Ecumenical Temple
  4632 | Temple   | Became a worshipper of Makhleb the Destroyer
  4705 | D:7      | Reached skill level 5 in Fighting
  5388 | D:7      | Gained mutation: You evolve. [potion of mutation]
  5388 | D:7      | Gained mutation: Your flesh is heat resistant. (rF+) [potion of mutation]
  5388 | D:7      | Gained mutation: You are frail. (-10% HP) [potion of mutation]
  5388 | D:7      | Gained mutation: You are partially covered in large bone plates. (SH +4) [potion of mutation]
  5582 | D:8      | Reached skill level 1 in Invocations
  5582 | D:8      | Reached skill level 1 in Evocations
  5664 | D:8      | Reached * piety under Makhleb
  5716 | D:8      | Reached skill level 2 in Invocations
  5796 | D:8      | Reached XP level 10. HP: 45/81 MP: 9/9
  5889 | D:8      | Reached skill level 3 in Invocations
  5894 | D:8      | Gained mutation: You are clumsy. (Dex -2) [evolution]
  5959 | D:8      | Noticed a two-headed ogre
  5964 | D:8      | Killed a two-headed ogre
  6080 | D:8      | Found a staircase to the Lair.
  6089 | D:8      | Reached skill level 4 in Invocations
  6479 | D:9      | Found a glowing golden altar of the Shining One.
  6678 | D:9      | Reached skill level 5 in Invocations
  6678 | D:9      | Reached skill level 5 in Evocations
  6701 | D:9      | Reached ** piety under Makhleb
  6739 | D:9      | Found a blossoming altar of Fedhas.
  6805 | D:9      | Found a stormy altar of Qazlal.
  6810 | D:9      | Reached skill level 6 in Invocations
  6904 | D:9      | Reached XP level 11. HP: 76/87 MP: 4/12
  6996 | D:9      | Found an ancient bone altar of Kikubaaqudgha.
  7394 | Lair:1   | Entered Level 1 of the Lair of Beasts
  7588 | Lair:1   | Upgraded the game from 0.22-a0-410-g97be04f to 0.22-a0-417-g1387785
  7815 | Lair:1   | Reached skill level 7 in Invocations
  7850 | Lair:1   | Reached *** piety under Makhleb
  8559 | Lair:2   | Reached skill level 8 in Invocations
  8675 | Lair:2   | Noticed an eight-headed hydra
  8682 | Lair:2   | Killed a nine-headed hydra
  8699 | Lair:2   | Reached skill level 15 in Axes
  8792 | Lair:2   | Noticed a seven-headed hydra
  8793 | Lair:2   | Killed a seven-headed hydra
  8793 | Lair:2   | Reached skill level 9 in Invocations
  9352 | Lair:3   | Noticed an eight-headed hydra
  9353 | Lair:3   | Reached XP level 12. HP: 92/94 MP: 15/15
  9357 | Lair:3   | Killed an eight-headed hydra
  9439 | Lair:3   | Identified a scroll of acquirement
  9664 | Lair:3   | Reached **** piety under Makhleb
  9854 | Lair:4   | Found a frozen archway.
  9939 | IceCv    | Entered an ice cave
 10044 | IceCv    | Reached skill level 10 in Evocations
 10047 | IceCv    | Reached skill level 10 in Invocations
 10210 | IceCv    | Reached skill level 1 in Dodging
 10369 | IceCv    | Noticed a frost giant
 10396 | IceCv    | Killed a frost giant
 10538 | Lair:3   | Reached XP level 13. HP: 99/99 MP: 17/17
 10612 | Lair:3   | Reached ***** piety under Makhleb
 10697 | Lair:4   | Found a staircase to the Shoals.
 10847 | Lair:4   | Found a staircase to the Snake Pit.
 10857 | Lair:4   | Lost mutation: You are clumsy. (Dex -2) [evolution]
 10857 | Lair:4   | Lost mutation: You evolve. [end of evolution]
 11127 | Lair:4   | Got a steaming flail
 11199 | Lair:4   | Identified the +1 flail of Xikhliry {elec, Str+6} (You found it on level 4 of the Lair of Beasts)
 11339 | Lair:5   | Got a brightly glowing amber ring
 11488 | Lair:5   | Found a dark tunnel.
 11508 | Volcano  | Entered a volcano
 11589 | Volcano  | Reached skill level 5 in Dodging
 11699 | Volcano  | Identified Rahil's Almanac of Doomed Ignition
 12256 | Lair:6   | Entered Level 6 of the Lair of Beasts
 12256 | Lair:6   | Noticed Rupert
 12263 | Lair:6   | Paralysed by Rupert for 6 turns
 12303 | Lair:5   | Paralysed by Rupert for 2 turns
 12307 | Lair:5   | Killed Rupert
 12423 | Lair:6   | Gained mutation: You resist negative energy. (rN+) [Deep Dwarf growth]
 12423 | Lair:6   | Reached XP level 14. HP: 108/108 MP: 17/17
 12651 | Lair:6   | Found a runed door.
 12652 | Lair:6   | Found a viscous altar of Jiyva.
 12654 | Lair:6   | Found a staircase to the Slime Pits.
 12774 | Lair:6   | Reached ****** piety under Makhleb
 13109 | Lair:6   | Found a burning altar of Makhleb.
 13166 | Lair:6   | Reached skill level 10 in Armour
 13172 | Lair:6   | Reached skill level 10 in Shields
 13198 | Lair:6   | Found a gateway to Hell.
 13566 | D:10     | Entered Level 10 of the Dungeon
 13723 | D:10     | Found Vueronk's Book Shoppe.
 14312 | D:10     | Found a basalt altar of Yredelemnul.
 15080 | D:11     | Identified the ring of Fatigue {*Tele rPois SInv} (You found it on level 5 of the Lair of Beasts)
 15360 | D:12     | Found a staircase to the Orcish Mines.
 15907 | Orc:1    | Entered Level 1 of the Orcish Mines
 16126 | Orc:1    | Found a roughly hewn altar of Beogh.
 16254 | D:12     | Reached skill level 10 in Dodging
 16303 | Orc:1    | Paralysed by an ogre mage for 5 turns
 16556 | Orc:2    | Entered Level 2 of the Orcish Mines
 16706 | Orc:2    | Found a staircase to the Elven Halls.
 16766 | Orc:2    | Reached XP level 15. HP: 121/121 MP: 18/18
 16824 | Orc:2    | Found a roughly hewn altar of Beogh.
 17409 | Orc:2    | Reached skill level 10 in Fighting
 17468 | Orc:2    | Found Vakygaz's Assorted Antiques.
 17468 | Orc:2    | Found Ecowyts's Jewellery Emporium.
 17469 | Orc:2    | Found Akhy's Antique Armour Emporium.
 17472 | Orc:2    | Found Uruluwn's Distillery.
 17475 | Orc:2    | Bought a scroll of brand weapon for 560 gold pieces
 17481 | Orc:2    | Bought the ring of Salvation {rElec rN+ Str+2 Int+4} for 691 gold pieces
 17713 | Orc:1    | Found a burning altar of Makhleb.
 19220 | D:14     | Reached skill level 11 in Invocations
 19261 | D:14     | Found a blossoming altar of Fedhas.
 19284 | D:14     | You fall through a shaft!
 19284 | D:15     | Entered Level 15 of the Dungeon
 19470 | D:15     | Reached skill level 12 in Invocations
 19734 | D:15     | Found a staircase to the Depths.
 20002 | D:15     | Found a deep blue altar of Sif Muna.
 20889 | D:14     | Found a gate to the Vaults.
 21186 | Snake:1  | Entered Level 1 of the Snake Pit
 21201 | Snake:1  | Reached XP level 16. HP: 105/132 MP: 20/20
 21948 | Snake:1  | You fall through a shaft!
 22801 | Snake:1  | Reached XP level 17. HP: 142/143 MP: 21/21
 23322 | Snake:3  | Reached skill level 13 in Invocations
 23393 | Snake:3  | Noticed Azrael
 23417 | Snake:3  | Killed Azrael
 24217 | Snake:3  | Reached skill level 14 in Invocations
 24322 | Snake:4  | Entered Level 4 of the Snake Pit
 24568 | Snake:4  | Found a shimmering altar of Xom.
 24600 | Snake:4  | Reached skill level 15 in Invocations
 24600 | Snake:4  | Reached skill level 15 in Evocations
 25235 | Snake:4  | Gained mutation: You passively map a large area around you. [Deep Dwarf growth]
 25235 | Snake:4  | Reached XP level 18. HP: 152/152 MP: 24/24
 25292 | Snake:4  | Got a serpentine rune of Zot
 25440 | Shoals:1 | Entered Level 1 of the Shoals
 25856 | Shoals:2 | Noticed Roxanne
 26123 | Shoals:2 | Found a sparkling altar of Nemelex Xobeh.
 26491 | Shoals:3 | Found a hazy altar of Hepliaklqana.
 26564 | Shoals:4 | Entered Level 4 of the Shoals
 26624 | Shoals:4 | Noticed Ilsuiw
 26629 | Shoals:4 | Killed Ilsuiw
 26879 | Shoals:4 | Gained mutation: You are clumsy. (Dex -2) [a cacodemon]
 26896 | Shoals:4 | Gained mutation: Your spells are a little easier to cast, but a little less powerful. [a cacodemon]
 26951 | Shoals:4 | Got a barnacled rune of Zot
 27283 | Elf:1    | Entered Level 1 of the Elven Halls
 27970 | Elf:1    | Noticed Asterion
 27993 | Elf:1    | Killed Asterion
 28098 | Elf:2    | Reached XP level 19. HP: 130/162 MP: 21/21
 28126 | Elf:2    | Found a runed gate.
 28126 | Elf:2    | Found a runed gate.
 28127 | Elf:2    | Found a runed gate.
 29122 | Elf:3    | Entered Level 3 of the Elven Halls
 29263 | Elf:3    | Noticed anything's ghost (veteran DDFi)
 29300 | Elf:3    | Noticed Nikola
 29301 | Elf:3    | Killed anything's ghost
 29337 | Elf:3    | Killed Nikola
 29651 | Elf:3    | Reached skill level 15 in Dodging
 29657 | Elf:3    | Reached skill level 15 in Armour
 29662 | Elf:3    | Reached skill level 15 in Shields
 29714 | Elf:3    | Noticed Saint Roka
 29725 | Elf:3    | Noticed iamserjio's ghost (adept SpSk)
 29748 | Elf:3    | Killed Saint Roka
 29748 | Elf:3    | Reached XP level 20. HP: 139/173 MP: 21/21
 29762 | Elf:3    | Killed iamserjio's ghost
 29774 | Elf:3    | Got a scorched war axe {chop}
 29816 | Elf:3    | Identified the +7 war axe "Xumoit" {chop, rF+} (You took it off a deep elf annihilator on level 3 of the Elven Halls)
 29985 | Elf:3    | Reached skill level 15 in Fighting
 30033 | Elf:3    | Found a flickering gateway to a bazaar.
 30326 | Bazaar   | Entered a bazaar
 30328 | Bazaar   | Found Leson's Food Boutique.
 30332 | Bazaar   | Found Vintewor's Gadget Boutique.
 30332 | Bazaar   | Found Byosogg's Armour Boutique.
 30333 | Bazaar   | Found Qicacuobb's Distillery.
 30561 | Vaults:1 | Entered Level 1 of the Vaults
 31981 | Vaults:2 | Found a staircase to the Crypt.
 31981 | Vaults:2 | Found a basalt altar of Yredelemnul.
 32012 | Vaults:2 | Found an ancient bone altar of Kikubaaqudgha.
 32359 | Vaults:2 | Reached skill level 16 in Invocations
 32791 | Vaults:2 | Found a roughly hewn altar of Beogh.
 33152 | Vaults:3 | Noticed Jory
 33181 | Vaults:3 | Killed Jory
 33187 | Vaults:3 | Reached XP level 21. HP: 180/183 MP: 23/23
 33216 | Vaults:3 | Noticed Sojobo
 33264 | Vaults:3 | Killed Sojobo
 33280 | Vaults:3 | Noticed Jorgrun
 33293 | Vaults:3 | Killed Jorgrun
 33773 | Vaults:3 | Noticed Mennas
 34168 | Vaults:3 | Killed Mennas
 34168 | Vaults:3 | Reached skill level 17 in Invocations
 34342 | Vaults:3 | Paralysed by a floating eye for 3 turns
 34732 | Vaults:4 | Noticed Bai Suzhen
 34992 | Vaults:4 | Noticed a golden dragon
 35199 | Depths:1 | Entered Level 1 of the Depths
 35201 | Depths:1 | Found a one-way gate leading to the halls of Pandemonium.
 35322 | Depths:1 | Found a one-way gate to the infinite horrors of the Abyss.
 35670 | Depths:1 | Reached XP level 22. HP: 192/192 MP: 21/21
 35910 | Depths:2 | Found an iron altar of Okawaru.
 36345 | Depths:2 | Reached skill level 18 in Invocations
 36420 | Depths:2 | Noticed the Enchantress
 36495 | Depths:2 | Killed the Enchantress
 37223 | Depths:2 | Noticed an ancient lich
 37250 | Depths:2 | Found a gateway to a ziggurat.
 37975 | Depths:3 | Noticed a golden dragon
 37988 | Depths:3 | Killed a golden dragon
 38159 | Depths:4 | Reached XP level 23. HP: 201/201 MP: 21/21
 38403 | Depths:4 | Reached skill level 19 in Invocations
 38670 | Depths:4 | Reached skill level 1 in Maces & Flails
 39199 | Depths:4 | You fall through a shaft!
 39199 | Depths:5 | Entered Level 5 of the Depths
 39350 | Depths:5 | Noticed Frederick
 39366 | Depths:5 | Killed Frederick
 39416 | Depths:5 | Found a gate to the Realm of Zot.
 41050 | Vaults:4 | Noticed Margery
 41068 | Vaults:4 | Reached XP level 24. HP: 212/212 MP: 19/19
 41077 | Vaults:4 | Killed Margery
 41077 | Vaults:4 | Reached skill level 20 in Invocations
 41162 | Vaults:4 | Found Lesite's General Store.
 41513 | Vaults:4 | Killed Bai Suzhen
 42210 | Vaults:5 | Entered Level 5 of the Vaults
 42591 | Vaults:5 | Got a glittering ivory ring
 42592 | Vaults:5 | Identified the cursed ring of Beauty {+Inv rPois rN+ Str-3} (You took it off a vault sentinel on level 5 of the Vaults)
 42753 | Vaults:5 | Noticed Xtahua
 42778 | Vaults:5 | Killed Xtahua
 43061 | Vaults:5 | Reached skill level 21 in Invocations
 43063 | Vaults:5 | Got a transparent silver ring
 43082 | Vaults:5 | Identified the ring "Inuip" {*Tele rC+ Stlth+} (You took it off a deep elf sorcerer on level 5 of the Vaults)
 43228 | Vaults:5 | Reached XP level 25. HP: 221/221 MP: 19/19
 43381 | Vaults:5 | Got a silver rune of Zot
 43808 | Zot:1    | Entered Level 1 of the Realm of Zot
 44007 | Zot:1    | Noticed an orb of fire
 44019 | Zot:1    | Gained mutation: Your magical capacity is low. (-10% MP) [an orb of fire]
 44023 | Zot:1    | Gained mutation: You are occasionally teleported next to monsters. [an orb of fire]
 44029 | Zot:1    | Killed an orb of fire
 44103 | Zot:1    | Reached skill level 22 in Invocations
 44915 | Zot:2    | Found a transporter.
 45084 | Zot:2    | Upgraded the game from 0.22-a0-417-g1387785 to 0.22-a0-419-g492bfec
 45124 | Zot:2    | Found a transporter.
 45209 | Zot:2    | Got a crystal battleaxe {venom}
 45289 | Zot:2    | Identified the +5 battleaxe "Befras Etiti" {venom, rC+ MR+ Stlth-} (You took it off a green draconian on level 2 of the Realm of Zot)
 45384 | Zot:2    | Reached skill level 23 in Invocations
 46261 | Zot:3    | Reached skill level 24 in Invocations
 46276 | Zot:3    | Reached XP level 26. HP: 215/233 MP: 17/17
 46518 | Zot:3    | Noticed an orb of fire
 46881 | Zot:4    | Reached skill level 25 in Invocations
 47109 | Zot:4    | Noticed an orb of fire
 47110 | Zot:4    | Gained mutation: You tend to lose your temper in combat. [an orb of fire]
 47130 | Zot:4    | Gained mutation: Scrolls take you a little longer to read. [an orb of fire]
 47133 | Zot:4    | Gained mutation: You occasionally shout uncontrollably at your foes. [an orb of fire]
 47135 | Zot:4    | Killed an orb of fire
 47240 | Zot:4    | Reached skill level 26 in Invocations
 47639 | Zot:5    | Entered Level 5 of the Realm of Zot
 47736 | Zot:5    | Noticed an orb of fire
 47736 | Zot:5    | Noticed an orb of fire
 47737 | Zot:5    | Noticed an ancient lich
 47738 | Zot:5    | Noticed an orb of fire
 47739 | Zot:5    | Noticed an ancient lich
 47740 | Zot:5    | Noticed an ancient lich
 47746 | Zot:5    | Gained mutation: You often lose your temper in combat. [an orb of fire]
 47747 | Zot:5    | Noticed PeterLawrence's ghost (legendary MiFi)
 47747 | Zot:5    | Gained mutation: Your spells are easier to cast, but less powerful. [an orb of fire]
 47748 | Zot:5    | Gained mutation: Potions are less effective at restoring your health. [an orb of fire]
 47749 | Zot:5    | Gained mutation: You are very frail. (-20% HP) [an orb of fire]
 47754 | Zot:5    | Gained mutation: You are sometimes teleported next to monsters. [an orb of fire]
 47755 | Zot:5    | Gained mutation: You are dopey. (Int -2) [an orb of fire]
 47755 | Zot:5    | Gained mutation: You are weak. (Str -2) [an orb of fire]
 47756 | Zot:5    | Gained mutation: Scrolls take you longer to read. [an orb of fire]
 47760 | Zot:5    | Gained mutation: Scrolls take you much longer to read. [an orb of fire]
 47763 | Zot:5    | Killed an orb of fire
 47763 | Zot:5    | Reached skill level 27 in Invocations
 47765 | Zot:5    | Killed an ancient lich
 47766 | Zot:5    | Gained mutation: Your body sometimes deteriorates upon taking damage. [an orb of fire]
 47769 | Zot:5    | Gained mutation: Your magical capacity is very low. (-20% MP) [an orb of fire]
 47773 | Zot:5    | Killed an ancient lich
 47777 | Zot:5    | Gained mutation: You are extremely frail. (-30% HP) [an orb of fire]
 47781 | Zot:5    | Killed an orb of fire
 47782 | Zot:5    | Killed an orb of fire
 47783 | Zot:5    | Noticed an ancient lich
 47783 | Zot:5    | Killed an ancient lich
 47783 | Zot:5    | Reached XP level 27. HP: 187/187 MP: 14/14
 47793 | Zot:5    | Noticed an ancient lich
 47816 | Zot:5    | Killed an ancient lich
 47819 | Zot:5    | HP: 5/187 [ancient lich/bolt of acid (16)]
 47819 | Zot:5    | Splashed by an ancient lich's acid

Vault maps used:
D:1:      dpeg_arrival_ratfight, minmay_split_cup_large
D:2:      nicolae_ashenzari_panopticon
D:3:      cheibrodos_sewer_entry_sluice, minivault_26, tgw_xom
D:4:      serial_bayou, serial_bayou_lagoon_a, serial_bayou_shore_a,
          serial_bayou_pond_b, serial_bayou_shore_b, serial_bayou_pond_e
D:5:      first_ration
D:6:      cheibrodos_quashed, marbit_many_paths, minmay_strange_pillars,
          trog_eyes_of_draining
D:7:      minmay_temple_entry_statues_pillars
D:8:      grunt_lair_entry_orc_guard_hut
D:9:      kennysheep_vampire_church, tso_metal_star,
          grunt_temple_overflow_forces_of_nature
D:10:     serial_shops, kennysheep_mini_moat, hangedman_little_slice_of_home,
          lemuel_mausoleum_altar_yredelemnul
D:12:     zombieorc1_lemuel
D:14:     david_vaults_4, kennysheep_boxes, basic_altar
D:15:     hangedman_depths_entry_try_elsewhere_first, tgw_sif, minivault_10,
          minmay_misc_feat_tower
Temple:   eino_wide_crystal_templ
Lair:1:   beast_lair_carwin_large_3
Lair:2:   bh_chokoban
Lair:3:   grunt_megastairs_4, serial_bayou_shore_b
Lair:4:   minmay_shoals_entry_beasts, minmay_snake_entry_guardpost_medium,
          portal_ice_cave_entry_imps, lemuel_fruit_fields
Lair:5:   slaughterhouse, nicolae_volcano_entry_batcave, lemuel_fruit_tree,
          lemuel_fruit_fields, serial_bayou_shore_b, serial_bayou_shore_b,
          serial_bayou_shore_b
Lair:6:   evil_forest, slime_altar_2, lab_entry_generic, serial_bayou,
          serial_bayou_shore_b, serial_bayou_shore_b, serial_bayou_pond_d,
          serial_bayou_crossing, uniq_rupert
Shoals:1: hangedman_shoal_volcano
Shoals:2: lemuel_oklob_altar, uniq_roxanne
Shoals:3: lemuel_altar_in_water2
Shoals:4: shoals_end_grunt_ice, shoals_ilsuiw_ice
Snake:1:  serial_bayou, serial_bayou_lake_a, serial_bayou_pond_b,
          serial_bayou_pond_a, serial_bayou_pond_c, spider_trap,
          corexii_hall_statues_deadend, grunt_ministairs_8, nicolae_snake_shapes
Snake:2:  serial_bayou_pond_a
Snake:3:  uniq_azrael
Snake:4:  grunt_snake_rune_pools, basic_altar
Orc:1:    cheibrodos_orc_bank, hangedman_feature_mirror, minmay_orc_barracks
Orc:2:    st_orc_mages, basic_altar
Elf:1:    eino_elf_arrival_customs, hangedman_elven_crosses_minicolossus,
          grunt_megastairs_2, uniq_asterion
Elf:2:    basic_stair_grate_trap
Elf:3:    minmay_elf_hall_furrowed, serial_shops, bzr_entry_safe,
          uniq_saint_roka, uniq_nikola
Vaults:1: ontoclasm_vaults_fault, v_misc_22, st_spiral_rooms,
          nicolae_vaults_hallways_thing, vaults_room_pool,
          nicolae_vaults_network_square, nicolae_vaults_windows_and_doors_thing,
          v_misc_10, vaults_room_grid, hangedman_vaults_snaps,
          grunt_vaults_funnel
Vaults:2: v_misc_28, special_room_vaults, nicolae_vaults_border_crossing,
          vaults_dpeg_cross, minmay_crypt_entry_necro_gods
Vaults:3: vaults_mumra_hex, nicolae_vaults_yaktaur_gun_rack, vaults_room_boxed,
          nicolae_vaults_big_angled_halls, ontoclasm_vaults_spin, v_pattern_1,
          nicolae_vaults_asterisk, v_misc_25, nicolae_vaults_shelves_hall,
          vaults_mumra_bighexcomb, nicolae_vaults_little_squares_5,
          vaults_dpeg_ring, uniq_jorgrun, uniq_mennas, uniq_sojobo, uniq_jory
Vaults:4: nicolae_vaults_network_periphery, v_misc_4,
          nicolae_vaults_circle_grid_a, v_misc_29,
          nicolae_vaults_little_squares_1, ontoclasm_vaults_bender,
          v_alt_pattern_2, dpeg_vaults_monster_row, vaults_dpeg_spiral,
          st_squares, nicolae_vaults_shelves_hall, vaults_room_semicircle,
          v_pattern_5, serial_shops, shop, uniq_margery, uniq_bai_suzhen
Vaults:5: uniq_xtahua
Depths:1: abyss_entry, rand_demon_pan_entry_5, pf_dread_powers_of_hell,
          kennysheep_potato
Depths:2: grunt_forest_end_chambers, enter_ziggurat_d, glass_columns_a,
          hell_entry, pan_entry, okawaru_ov_weapons_minmay
Depths:3: minmay_shrinking_squares, pf_coc_iceberg, pan_entry,
          roderic_lattice_octagonal_star, infiniplex_staircase_zigzag_3
Depths:4: kennysheep_ogre_elephant_herders, hell_entry, abyss_entry_glasseish,
          rand_demon_pan_entry_9, minmay_misc_feat_x,
          infiniplex_staircase_zigzag_4
Depths:5: grunt_crosshair, grunt_hell_entry_dis_mu, serial_glass,
          glass_columns_c, glass_columns_a, glass_columns_c, glass_columns_b,
          patterned_corridor, basic_stair_grate_trap, serial_bayou_shore_b,
          uniq_frederick, uniq_enchantress
Zot:1:    lemuel_flame_loot_1
Zot:2:    gammafunk_sealed_arena
Zot:3:    grunt_ministairs_10, nrook_zot_tub
Zot:4:    circus_mu, basic_stair_grate_trap
Bazaar:   bazaar_minmay_cross
Sewer:    kennysheep_pipe_town
IceCv:    ice_cave_caverns_03
Volcano:  volcano_bunker

Skill      XL: |  1  2  3  4  5  6  7  8  9 10 11 12 13 14 15 16 17 18 19 20 21 22 23 24 25 26 |
---------------+-------------------------------------------------------------------------------+-----
Axes           | 3 4 5 7 8 10 12 13 15 16 18 | 18.0
Shields        | 4 5 6 7 9 10 12 13 15 16 17 18 19 20 | 20.5
Fighting       | 3 4 6 9 10 12 13 14 15 16 17 18 19 20 | 20.0
Armour         | 4 5 6 7 9 10 12 13 15 16 18 19 20 | 20.7
Invocations    | 2 6 9 10 12 15 16 17 18 19 21 24 27 | 27.0
Evocations     | 2 6 9 10 12 15 | 15.0
Dodging        | 3 6 10 12 13 15 16 17 18 19 20 | 20.5
Maces & Flails | 4 |  4.6

Action                   |  1- 3 |  4- 6 |  7- 9 | 10-12 | 13-15 | 16-18 | 19-21 | 22-24 | 25-27 || total
-------------------------+-------+-------+-------+-------+-------+-------+-------+-------+-------++-------
Melee: War axe           |   160 |   220 |   408 |   635 |       |       |       |       |       ||  1423
       Broad axe         |       |       |       |   335 |  1809 |  1646 |  1780 |  1885 |  1074 ||  8529
       Flail             |       |       |       |       |     9 |       |   104 |       |       ||   113
Invok: Major Destruction |       |       |       |       |     1 |     8 |       |       |       ||     9
       Greater Servant o |       |       |       |       |       |     9 |     5 |     4 |     3 ||    21
 Abil: Heal Wounds       |     1 |     5 |     8 |    11 |    22 |    19 |    16 |    13 |     8 ||   103
Evoke: Wand              |       |       |       |    21 |    21 |    12 |       |     9 |       ||    63
       Box of beasts     |       |       |       |       |       |     1 |       |     1 |       ||     2
  Use: Scroll            |     5 |     5 |     2 |    16 |    18 |     9 |    17 |    18 |    10 ||   100
       Potion            |     1 |     6 |     2 |     7 |     6 |     4 |     9 |     1 |       ||    36
 Stab: Invisible         |       |       |       |     4 |       |       |       |       |       ||     4
       Distracted        |       |       |       |       |       |     2 |     5 |     1 |     2 ||    10
       Paralysed         |       |       |       |       |       |     2 |       |       |       ||     2
  Eat: Chunk             |     1 |     5 |    14 |    17 |    34 |    18 |    24 |    26 |    13 ||   152
       Ration            |       |       |     2 |       |     2 |     2 |     1 |       |     1 ||     8
Armor: Scale mail        |   100 |     9 |       |       |       |       |       |       |       ||   109
       Chain mail        |       |   114 |    60 |       |       |       |       |       |       ||   174
       Plate armour      |       |       |   123 |   274 |       |       |       |       |       ||   397
       Gold dragon scale |       |       |       |   159 |   653 |   516 |   460 |   470 |   467 ||  2725
Dodge: Dodged            |    64 |    39 |    75 |    89 |   239 |   346 |   375 |   594 |   564 ||  2385
Block: Shield            |   107 |   153 |   282 |   827 |  1619 |  1586 |  1492 |  1680 |  1221 ||  8967

Table legend:
 A = Spawn XP
 B = Non-spawn XP
 C = Spawn XP percentage of total XP
 D = Spawn monster count
 E = Non-spawn monster count
 F = Spawn count percentage of total count
 G = Total turns spent on level
                    A         B        C        D         E        F      G
               +---------+---------+-------+---------+---------+-------+---------
         Total |       0 | 1522762 |   0.0 |       0 |    2476 |   0.0 | 47819
               +---------+---------+-------+---------+---------+-------+---------
           D:1 |       0 |      61 |   0.0 |       0 |      35 |   0.0 |   634
           D:2 |       0 |      74 |   0.0 |       0 |      23 |   0.0 |   688
           D:3 |       0 |     207 |   0.0 |       0 |      37 |   0.0 |   878
           D:4 |       0 |     322 |   0.0 |       0 |      14 |   0.0 |   761
           D:5 |       0 |     453 |   0.0 |       0 |      11 |   0.0 |   635
           D:6 |       0 |    1332 |   0.0 |       0 |      26 |   0.0 |   542
           D:7 |       0 |    1265 |   0.0 |       0 |      31 |   0.0 |   899
           D:8 |       0 |    3491 |   0.0 |       0 |      38 |   0.0 |  1154
           D:9 |       0 |    4171 |   0.0 |       0 |      46 |   0.0 |   993
          D:10 |       0 |    3030 |   0.0 |       0 |      42 |   0.0 |   985
          D:11 |       0 |    4458 |   0.0 |       0 |      30 |   0.0 |   767
          D:12 |       0 |    8711 |   0.0 |       0 |      67 |   0.0 |   881
          D:13 |       0 |    5450 |   0.0 |       0 |      19 |   0.0 |  1008
          D:14 |       0 |   10984 |   0.0 |       0 |      32 |   0.0 |   900
          D:15 |       0 |   21530 |   0.0 |       0 |      61 |   0.0 |  1114
        Lair:1 |       0 |    4640 |   0.0 |       0 |      24 |   0.0 |  1249
        Lair:2 |       0 |    5472 |   0.0 |       0 |      22 |   0.0 |   884
        Lair:3 |       0 |    6840 |   0.0 |       0 |      35 |   0.0 |   727
        Lair:4 |       0 |    2601 |   0.0 |       0 |      21 |   0.0 |   720
        Lair:5 |       0 |   10565 |   0.0 |       0 |      28 |   0.0 |   733
        Lair:6 |       0 |   23436 |   0.0 |       0 |      71 |   0.0 |  1079
      Shoals:1 |       0 |    7859 |   0.0 |       0 |      18 |   0.0 |   405
      Shoals:2 |       0 |    8440 |   0.0 |       0 |      18 |   0.0 |   419
      Shoals:3 |       0 |    8438 |   0.0 |       0 |      25 |   0.0 |   365
      Shoals:4 |       0 |   25885 |   0.0 |       0 |      54 |   0.0 |   417
       Snake:1 |       0 |   37913 |   0.0 |       0 |      73 |   0.0 |  1283
       Snake:2 |       0 |   29265 |   0.0 |       0 |      47 |   0.0 |   795
       Snake:3 |       0 |   30477 |   0.0 |       0 |      52 |   0.0 |  1117
       Snake:4 |       0 |   52146 |   0.0 |       0 |      88 |   0.0 |  1027
         Orc:1 |       0 |    5029 |   0.0 |       0 |      65 |   0.0 |  1107
         Orc:2 |       0 |    8075 |   0.0 |       0 |      63 |   0.0 |  1093
         Elf:1 |       0 |   24977 |   0.0 |       0 |      38 |   0.0 |   899
         Elf:2 |       0 |   41841 |   0.0 |       0 |      54 |   0.0 |  1040
         Elf:3 |       0 |   68116 |   0.0 |       0 |      69 |   0.0 |  1225
      Vaults:1 |       0 |   42802 |   0.0 |       0 |      83 |   0.0 |  1387
      Vaults:2 |       0 |   45989 |   0.0 |       0 |      93 |   0.0 |  1461
      Vaults:3 |       0 |   90422 |   0.0 |       0 |     119 |   0.0 |  1554
      Vaults:4 |       0 |   67454 |   0.0 |       0 |      79 |   0.0 |  1567
      Vaults:5 |       0 |  143469 |   0.0 |       0 |     125 |   0.0 |  1261
      Depths:1 |       0 |   25483 |   0.0 |       0 |      48 |   0.0 |   696
      Depths:2 |       0 |   88885 |   0.0 |       0 |     112 |   0.0 |  1437
      Depths:3 |       0 |   39783 |   0.0 |       0 |      41 |   0.0 |   974
      Depths:4 |       0 |   83549 |   0.0 |       0 |      82 |   0.0 |  1373
      Depths:5 |       0 |   64680 |   0.0 |       0 |      55 |   0.0 |  1336
         Zot:1 |       0 |   48047 |   0.0 |       0 |      24 |   0.0 |  1250
         Zot:2 |       0 |   58122 |   0.0 |       0 |      38 |   0.0 |   942
         Zot:3 |       0 |   63323 |   0.0 |       0 |      35 |   0.0 |   795
         Zot:4 |       0 |   92695 |   0.0 |       0 |      62 |   0.0 |   844
         Zot:5 |       0 |   82685 |   0.0 |       0 |      23 |   0.0 |   180
         Sewer |       0 |     329 |   0.0 |       0 |      24 |   0.0 |   278
         IceCv |       0 |   10895 |   0.0 |       0 |      45 |   0.0 |   565
       Volcano |       0 |    6596 |   0.0 |       0 |      11 |   0.0 |   388
               +---------+---------+-------+---------+---------+-------+---------
